 Dungeon Crawl Stone Soup version 0.29.1-1-gd02db6906a (webtiles) character file.

Game seed: 13699112251695332978

840 xian the Chopper (level 7, 0/60 HPs)
             Began as a Minotaur Gladiator on Oct 3, 2022.
             Was a Follower of Okawaru.
             Slain by Grinder (6 damage)
             ... while paralysed by Grinder
             ... on level 6 of the Dungeon on Oct 4, 2022.
             The game lasted 00:16:16 (6118 turns).

xian the Chopper (Minotaur Gladiator)               Turns: 6118, Time: 00:16:17

Health: 0/60       AC:  9    Str: 20    XL:     7   Next: 67%
Magic:  6/6        EV:  2    Int: 12    God:    Okawaru [*.....]
Gold:   272        SH:  0    Dex: 12    Spells: 6/6 levels left

rFire   . . .      SeeInvis .   B - +8 long sword "Obil" {vorpal, Int+7}
rCold   . . .      Faith    .   (no shield)
rNeg    . . .      Spirit   .   C - +0 chain mail
rPois   .          Reflect  .   c - +0 hat
rElec   .          Harm     .   (no cloak)
rCorr   .          Rampage  .   (no gloves)
Will    .....                   (no boots)
Stlth   ..........              (no amulet)
HPRegen 0.20/turn               (no ring)
MPRegen 0.10/turn               (no ring)

@: paralysed, studying Armour
A: horns 2, retaliatory headbutt
a: Renounce Religion, Heroism


You were on level 6 of the Dungeon.
You worshipped Okawaru.
Okawaru was aware of your devotion.
You visited 2 branches of the dungeon, and saw 7 of its levels.
You also visited: Ossuary.

You collected 272 gold pieces.

Inventory:

Hand Weapons
 a - a +0 war axe of protection
 i - a +2 sling of flaming
 B - the +8 long sword "Obil" (weapon) {vorpal, Int+7}
   (You found it on level 4 of the Dungeon)

   It inflicts extra damage upon your enemies.
   Int:       It affects your intelligence (+7).
Missiles
 d - 2 throwing nets
 q - 4 stones
 w - 2 boomerangs of dispersal
 x - a javelin (quivered)
Armour
 c - a +0 hat (worn)
 C - a +0 chain mail (worn)
Wands
 y - a wand of paralysis (10)
Scrolls
 e - a scroll of teleportation
 l - 2 scrolls of enchant armour
 n - a scroll of brand weapon
 o - a scroll of magic mapping
 p - 2 scrolls of fear
Potions
 b - a potion of degeneration {unknown}
 f - a potion of heal wounds
 g - a potion of haste {unknown}
 h - a potion of resistance {unknown}
 j - 7 potions of curing {unknown}
 k - a potion of magic {unknown}
 m - a potion of berserk rage {unknown}
 r - a potion of attraction {unknown}
 s - a potion of mutation {unknown}
 t - 3 potions of lignification {unknown}
 u - a potion of ambrosia
 v - a potion of cancellation
 z - 2 potions of flight {unknown}
 A - a potion of invisibility


   Skills:
 + Level 4.3 Fighting
 * Level 5.9 Long Blades
 - Level 6.1 Axes
 + Level 2.3 Throwing
 + Level 4.5 Armour
 + Level 4.4 Dodging
 + Level 0.5 Stealth


You had 6 spell levels left.
You didn't know any spells.
Your spell library contained the following spells:

 Spells                   Type           Power      Damage    Failure   Level
 Freeze                   Ice            0%         1d3       97%         1
 Magic Dart               Conj           0%         1d3       97%         1
 Ensorcelled Hibernation  Hex/Ice        0%         N/A       99%         2
 Passwall                 Tmut/Erth      0%         N/A       99%         2
 Frozen Ramparts          Ice            0%         1d1       100%        3
 Mephitic Cloud           Conj/Pois/Air  0%         N/A       100%        3
 Swiftness                Air            0%         N/A       100%        3
 Hailstorm                Conj/Ice       0%         3d3       100%        4
 Call Imp                 Summ           Unusable   N/A       N/A         2

Dungeon Overview and Level Annotations

Branches:
Dungeon (6/15)             Temple (1/1) D:4         Ossuary (visited)

Altars:
Cheibriados
Dithmenos
Gozag
Nemelex Xobeh
Okawaru
Sif Muna
Vehumet
Yredelemnul
Zin

Shops:
D:2 (

Annotations:
D:6 Grinder


Innate Abilities, Weirdness & Mutations

You have a pair of horns on your head.
You reflexively headbutt those who attack you in melee.


Message History

The sling bullet closely misses Grinder.
Grinder says, "My boss said I was rubbish.
His entrails said otherwise."
You shoot a sling bullet. The sling bullet hits Grinder!
The sling bullet burns Grinder.
Grinder is heavily wounded.
Grinder blinks!
Found a scimitar.
Grinder zaps a wand.
The puff of flame hits you!
You shoot a sling bullet. The sling bullet hits Grinder.
The sling bullet burns Grinder.
Grinder is heavily wounded.
Grinder says, "Tell me all your secrets, or I'll kill you."
You shoot a sling bullet. The sling bullet hits Grinder.
The sling bullet burns Grinder.
Grinder is heavily wounded.
Your +2 sling of flaming stops flaming.
Your +0 war axe of protection hums with potential!
a - a +0 war axe of protection (weapon)
Your +0 war axe of protection goes still.
You feel clever.
B - the +8 long sword "Obil" (weapon)
{vorpal, Int+7} Grinder hits you.
You writhe in agony.
You hit Grinder.
Grinder is severely wounded.
Grinder says, "There's only one good use for a tongue: cutting it out."
Grinder gestures at you. Pain shoots through your body!
* * * LOW HITPOINT WARNING * * *
You hit Grinder. Your headbutt misses Grinder.
Grinder is almost dead.
Grinder gestures at you.
You suddenly lose the ability to move!
Grinder hits you!
* * * LOW HITPOINT WARNING * * *
Grinder gestures at you.
You struggle to resist.
Grinder hits you.
* * * LOW HITPOINT WARNING * * *
You writhe in agony.
You die...

#....# #.#.# .....#
.......##.#
#.#.##..^#.#
......###.#
#........#># #>###.
#.####...###.#.# #
#.##.#.##.###.##.#.#
#...###..# ##...#.#
####.#..## ##..#.###
#.#.# #....... #@#.#
#.......
#......5............###
...###.!....#######..#
.......# ## #..#
#.###.#.# # #.## #.
..... ..# #) ...###
##.# #. #..# #.


You could see Grinder.

Vanquished Creatures
  Menkaure (Ossuary)
  An ice beast (D:5)
  A scorpion (D:5)
  2 hounds
  A human zombie (D:5)
  2 jellies (D:5)
  An orc priest (D:3)
  2 orc wizards
  An iguana (D:5)
  3 mummies (Ossuary)
  6 gnolls
  7 adders
  A shadow imp (D:4)
  A worm (D:3)
  16 orcs
  4 ball pythons
  5 bats
  8 endoplasms
  5 giant cockroaches
  7 goblins
  6 hobgoblins
  6 jackals
  6 quokkas
  4 frilled lizards
  3 gnoll skeletons (Ossuary)
  4 gnoll zombies (Ossuary)
  4 goblin skeletons (Ossuary)
  4 goblin zombies (Ossuary)
  3 hobgoblin skeletons (Ossuary)
  3 hobgoblin zombies (Ossuary)
  9 kobolds
  5 kobold skeletons (Ossuary)
  7 kobold zombies (Ossuary)
  6 orc skeletons
  7 orc zombies
  A rat (D:1)
  5 rat skeletons (Ossuary)
  4 rat zombies (Ossuary)
162 creatures vanquished.

Vanquished Creatures (others)
  2 plants (D:2)
2 creatures vanquished.

Grand Total: 164 creatures vanquished

Notes
Turn   | Place    | Note
-------+----------+-------------------------------------------
     0 | D:1      | xian the Minotaur Gladiator began the quest for the Orb.
     0 | D:1      | Reached XP level 1. HP: 18/18 MP: 0/0
   335 | D:1      | Reached XP level 2. HP: 21/25 MP: 1/1
   431 | D:1      | Reached skill level 4 in Axes
  1103 | D:1      | Reached XP level 3. HP: 30/30 MP: 2/2
  1184 | D:2      | Found a radiant altar of Vehumet.
  1209 | D:2      | Reached skill level 1 in Armour
  1219 | D:2      | Reached XP level 4. HP: 27/38 MP: 3/3
  1657 | D:2      | Found Tumau's Antique Weapon Shop.
  2044 | D:3      | Reached skill level 5 in Axes
  2347 | D:3      | Reached XP level 5. HP: 45/45 MP: 4/4
  2548 | D:3      | Found a faded altar of an unknown god.
  2679 | D:3      | Reached skill level 6 in Axes
  3198 | D:4      | Found a staircase to the Ecumenical Temple.
  3289 | Temple   | Entered the Ecumenical Temple
  3396 | Temple   | Became a worshipper of Warmaster Okawaru
  3653 | D:4      | Identified the +8 long sword "Obil" {vorpal, Int+7}
  3840 | D:4      | Reached XP level 6. HP: 31/51 MP: 5/5
  3848 | D:4      | Reached skill level 1 in Long Blades
  4545 | D:5      | Entered Level 5 of the Dungeon
  4561 | D:5      | Identified a scroll of acquirement
  4562 | D:5      | Acquired a manual of Armour
  4700 | D:5      | Found a sand-covered staircase.
  4705 | Ossuary  | Entered an ossuary
  4841 | Ossuary  | Reached XP level 7. HP: 59/59 MP: 6/6
  4970 | Ossuary  | Noticed Menkaure
  4979 | Ossuary  | Killed Menkaure
  4979 | Ossuary  | Reached * piety under Okawaru
  5388 | D:5      | Reached skill level 5 in Long Blades
  6010 | D:6      | Found an opulent altar of Gozag.
  6103 | D:6      | Noticed Grinder
  6115 | D:6      | Paralysed by Grinder for 5 turns
  6118 | D:6      | Slain by Grinder

Illustrated notes

Levels and vault maps discovered:
D:1:      sevenhm_arrival_forest_fort_small_4, layout_basic, serial_park_tiny_1
D:2:      layout_rooms, serial_shops, shop, basic_altar, serial_bayou_lake_a
D:3:      layout_loops_ring, nicolae_ecumenical_oubliette, minmay_door_square,
          minmay_liquid_box
D:4:      layout_loops_corners, minmay_temple_entry_gardened_gates
D:5:      layout_cave_pools, nicolae_ossuary_entry_catacombs
D:6:      layout_loops_ring, lemuel_mausoleum_altar_kikubaaqudgha,
          mainiacjoe_overflow_alcove_2, lemuel_doored_altar, uniq_grinder
Temple:   regret_index_temple_generic_petals

Skill      XL: |  1  2  3  4  5  6  7 |
---------------+----------------------+-----
Axes           | 4 5 6 |  6.1
Dodging        | 4 |  4.4
Fighting       | 3 4 |  4.3
Armour         | 1 2 4 |  4.5
Long Blades    | 3 5 |  5.9
Throwing       | |  2.3
Stealth        | |  0.5

Action                   |  1- 3 |  4- 6 |  7- 9 || total
-------------------------+-------+-------+-------++-------
Melee: War axe           |    50 |   118 |       ||   168
       Headbutt          |     8 |    24 |    11 ||    43
       Long sword        |       |    67 |    70 ||   137
       Punch             |       |     2 |     1 ||     3
 Fire: Sling             |       |       |    10 ||    10
Throw: Javelin           |     2 |     1 |       ||     3
       Stone             |       |    24 |       ||    24
       Throwing net      |       |     1 |       ||     1
  Use: Potion            |     1 |     1 |       ||     2
       Scroll            |       |    11 |     4 ||    15
Armor: Leather armour    |    14 |    32 |       ||    46
       Chain mail        |       |    32 |    24 ||    56
Dodge: Dodged            |    48 |    95 |    13 ||   156
